 Dungeon Crawl Stone Soup version 0.22.1-6-g1668fe2c40 (webtiles) character file.

184 Forgol the Caller (level 5, -4/28 HPs)
             Began as a Deep Elf Summoner on Jan 24, 2019.
             Killed by divine providence
             ... invoked by an orc priest
              (14 damage)
             ... on level 3 of the Dungeon.
             The game lasted 00:18:49 (4541 turns).

Forgol the Caller (Deep Elf Summoner)               Turns: 4541, Time: 00:18:50

Health: -4/28      AC:  2    Str:  5    XL:     5   Next: 36%
Magic:  0/14       EV: 13    Int: 21    God:
Gold:   83         SH:  0    Dex: 15    Spells: 1/14 levels left

rFire    . . .     SeeInvis .   n - +0 halberd
rCold    . . .     Gourm    .   (shield currently unavailable)
rNeg     . . .     Faith    .   a - +0 robe
rPois    .         Spirit   +   (no helmet)
rElec    .         Reflect  .   (no cloak)
rCorr    .         Harm     .   (no gloves)
MR       +....                  (no boots)
Stlth    ++........             f - amulet of guardian spirit
HPRegen  0.09/turn              b - ring of protection from magic
MPRegen  0.14/turn              j - ring of wizardry

@: no status effects
A: no striking features
a: no special abilities


You were on level 3 of the Dungeon.
You were not hungry.

You visited 1 branch of the dungeon, and saw 3 of its levels.

You collected 83 gold pieces.

Inventory:

Hand Weapons
 e - a +0 dagger
 n - a +0 halberd (weapon)
Missiles
 o - 2 tomahawks (quivered)
Armour
 a - a +0 robe (worn)
Jewellery
 b - a ring of protection from magic (left hand)
 f - an amulet of guardian spirit (around neck)
 j - a ring of wizardry (right hand)
Wands
 l - a wand of enslavement (8)
 m - a wand of clouds (7)
Scrolls
 d - a scroll of enchant armour {unknown}
 i - 3 scrolls of remove curse
 r - a scroll of amnesia {unknown}
Potions
 g - a potion of heal wounds {unknown}
 h - a potion of curing {unknown}
 k - a potion of haste {unknown}
 q - a potion of agility {unknown}
Comestibles
 c - 8 rations


   Skills:
 - Level 2.4 Dodging
 - Level 2.4 Stealth
 + Level 5.0 Spellcasting
 + Level 6.1 Summonings
 + Level 2.0 Ice Magic


You had one spell level left.
You knew the following spells:

 Your Spells              Type           Power        Failure   Level  Hunger
a - Summon Small Mammal   Summ           ####         1%          1    None
b - Call Imp              Summ           ####....     1%          2    None
c - Call Canine Familiar  Summ           ####....     1%          3    ##.....
d - Summon Ice Beast      Ice/Summ       ###.....     9%          4    ####...
e - Summon Guardian Gole  Hex/Summ       ###.....     4%          3    ##.....

Your spell library contained the following spells:

 Spells                   Type           Power        Failure   Level  Hunger
 Summon Lightning Spire   Summ/Air       ###.....     12%         4    ####...


Dungeon Overview and Level Annotations

Branches:
Dungeon (3/15)

Altars:
Ru


Message History

An orc comes into view. It is wielding a whip.
Your wolf barely misses the orc.
Your wolf bites the orc!
The orc dies!
You see here a club.
Your wolf bites the orc priest.
You start resting.
The orc priest is too close now for your liking.
An orc priest is nearby!
Casting: Call Imp (safe; 1% risk of failure)
Confirm with . or Enter, or press ? or * to list all spells.
You swap places.
You start resting.
Your crimson imp blinks!
The orc priest is too close now for your liking.
The orc priest barely misses your hound.
The orc priest calls down the wrath of Beogh upon you.
Beogh smites you!
Ouch! That really hurt!
You die...

#.
.#######.##########.#
..#.#.#.#.#.#.#.#>#$#
#..................#
##.#.#.#.#.#.#)#.#.#
..................#
#.#.#.#.#.#.#.#.#.#.#
..............5.....#
##.#.#)#.#.#@#.#.#.####
#..#.#.#####.h.........
#..#..o.## ####o##.###
#.....)..# #.# .#
#.###..5.# #5# # #.
......#o#)# #.# #.
#.#####.....### #o# #.
# #.###...# #.# #####.
#. ##))####.# .....


You could see an orc priest, a friendly hound and a friendly crimson imp.

Vanquished Creatures
  A jackal (D:1)
  2 kobolds (D:1)
  A rat (D:3)
4 creatures vanquished.

Vanquished Creatures (collateral kills)
  Ijyb (D:3)
  Natasha (thrice) (D:2)
  3 orc wizards (D:3)
  4 gnolls (D:3)
  2 adders
  7 worms
  A dart slug (D:1)
  3 leopard geckos
  7 orcs (D:3)
  8 bats
  4 giant cockroaches
  9 goblins
  7 hobgoblins
  3 jackals
  A quokka (D:2)
  A ball python (D:1)
  A frilled lizard (D:2)
  2 kobolds
  4 rats
71 creatures vanquished.

Grand Total: 75 creatures vanquished

Notes
Turn   | Place    | Note
-------+----------+-------------------------------------------
     0 | D:1      | Forgol the Deep Elf Summoner began the quest for the Orb.
     0 | D:1      | Reached XP level 1. HP: 10/10 MP: 6/6
   432 | D:1      | Reached XP level 2. HP: 11/15 MP: 8/8
   754 | D:1      | Reached skill level 5 in Summonings
   836 | D:1      | Learned a level 2 spell: Call Imp
  1200 | D:2      | Noticed Natasha
  1206 | D:2      | Killed Natasha
  1221 | D:2      | Reached XP level 3. HP: 19/19 MP: 2/9
  1673 | D:2      | Found a sacrificial altar of Ru.
  1772 | D:2      | Learned a level 3 spell: Call Canine Familiar
  2348 | D:2      | Noticed Natasha
  2369 | D:2      | Killed Natasha
  2650 | D:2      | Found a faded altar of an unknown god.
  2880 | D:2      | Reached XP level 4. HP: 24/24 MP: 8/12
  3010 | D:2      | Learned a level 4 spell: Summon Ice Beast
  3123 | D:2      | Noticed Natasha
  3148 | D:2      | Killed Natasha
  3499 | D:3      | Noticed Ijyb
  3510 | D:3      | Killed Ijyb
  3544 | D:3      | Reached skill level 1 in Ice Magic
  3625 | D:3      | Reached XP level 5. HP: 9/28 MP: 4/14
  4063 | D:3      | Learned a level 3 spell: Summon Guardian Golem
  4146 | D:3      | Reached skill level 6 in Summonings
  4517 | D:3      | Reached skill level 5 in Spellcasting
  4541 | D:3      | Killed from afar by an orc priest

Skill      XL: |  1  2  3  4  5 |
---------------+----------------+-----
Summonings     | 5 6 |  6.1
Spellcasting   | 4 5 |  5.0
Ice Magic      | 1 2 |  2.0
Dodging        | |  2.4
Stealth        | |  2.4

Action                   |  1- 3 |  4- 6 || total
-------------------------+-------+-------++-------
Melee: Dagger            |    15 |     1 ||    16
       Halberd           |       |     6 ||     6
 Cast: Summon Small Mamm |    24 |       ||    24
       Call Imp          |    24 |    18 ||    42
       Call Canine Famil |     9 |     6 ||    15
       Summon Ice Beast  |       |     3 ||     3
  Use: Scroll            |     3 |       ||     3
  Eat: Chunk             |     7 |     6 ||    13
Armor: Robe              |    10 |     3 ||    13
Dodge: Dodged            |    58 |     6 ||    64
